cohdb
Replays
Latest Replays
All Replays
Popular Replays
Top Player Replays
Match Explorer
How It Works
Community
CoH3 Stats
Reddit
Sign in to upload your games and track your stats! →
Sign in with Steam
Match 45619448
Unlisted
Match 45619448
Overview
Messages
Build Orders
End
Panzergrenadier Squad
Selects Panzerjäger Kommand Battlegroup
Panzergrenadier Squad
Panzergrenadier Squad
Construct Light Support Kompanie
Selects Mine Fields
2.5-tonne Medical Truck
Selects Tank Busters
Construct Mechanized Kompanie
Support Armor Elements
Panzerjäger Mechanized Group
Selects Defensive Positions
StuG III D Assault Gun
Construct Panzerarmee Kommand
Selects Butterfly Bomb Drop
Emergency Repair Kits
Flakvierling Half-track
2.5-tonne Medical Truck
Forward Retreat Point
Walking Stuka Rocket Launcher
Butterfly Bomb Drop
Selects Crew Shock Tactics
Tungsten Core Ammunition
Butterfly Bomb Drop
Selects Elefant Tank Destroyer
Elefant Tank Destroyer
Armored Reserves
[DDG] Commmandocart1
[DGG] Stump Chuggins
tater
smoked
SquidwardTentacles420
m|0|0|k
Oncle-Hô
Acey
0
0
Comments
sign in to comment!
No comments posted yet!